 Dungeon Crawl Stone Soup version 0.29.1-15-g9cfb28693d (webtiles) character file.

Game seed: 1907145871141750638

55 javelincjr the Magician (level 3, 0/26 HPs)
             Began as a Demonspawn Hedge Wizard on Apr 25, 2023.
             Was a Believer of Jiyva.
             Slain by a dart slug (1 damage)
             ... on level 3 of the Dungeon.
             The game lasted 00:03:48 (2106 turns).

javelincjr the Magician (Demonspawn Hedge Wizard)   Turns: 2106, Time: 00:03:48

Health: 0/26       AC:  2    Str: 12    XL:     3   Next: 67%
Magic:  7/7        EV: 12    Int: 15    God:    Jiyva [**....]
Gold:   110        SH:  0    Dex: 12    Spells: 7/8 levels left

rFire   . . .      SeeInvis .   k - +0 trident
rCold   . . .      Faith    .   (no shield)
rNeg    . . .      Spirit   .   b - +0 robe
rPois   .          Reflect  .   c - +0 hat
rElec   .          Harm     .   (no cloak)
rCorr   +          Rampage  .   (no gloves)
Will    .....                   (no boots)
Stlth   ++........              (no amulet)
HPRegen 1.04/turn               (no ring)
MPRegen 0.40/turn               (no ring)

@: no status effects
A: foul stench 1
a: Renounce Religion


You were on level 3 of the Dungeon.
You worshipped Jiyva.
Jiyva was pleased with you.
You visited 1 branch of the dungeon, and saw 3 of its levels.

You collected 110 gold pieces.

Inventory:

Hand Weapons
 a - a +0 dagger
 g - a +0 spear
 k - a +0 trident (weapon)
Armour
 b - a +0 robe (worn)
 c - a +0 hat (worn)
Jewellery
 o - a +4 ring of protection
Scrolls
 f - 2 scrolls of teleportation {unknown}
 h - 2 scrolls of amnesia {unknown}
 l - a scroll of magic mapping {unknown}
 m - a scroll of fog {unknown}
 n - 5 scrolls of identify {unknown}
 p - a scroll of enchant armour {unknown}
Potions
 d - 2 potions of magic
 e - a potion of flight {unknown}
 i - 2 potions of mutation {unknown}
 j - 3 potions of haste {unknown}
 q - a potion of berserk rage {unknown}
 r - a potion of heal wounds {unknown}


   Skills:
 * Level 1.1 Fighting
 + Level 0.6 Armour
 + Level 2.0 Dodging
 - Level 1.8 Stealth
 * Level 3.4 Spellcasting
 + Level 1.3 Conjurations
 + Level 1.3 Summonings
 + Level 1.3 Translocations


You had 7 spell levels left.
You knew the following spells:

 Your Spells              Type           Power      Damage    Failure   Level
a - Magic Dart            Conj           24%        1d4       11%         1

Your spell library contained the following spells:

 Spells                   Type           Power      Damage    Failure   Level
 Foxfire                  Conj/Fire      16%        2x1d4     14%         1
 Call Imp                 Summ           6%         N/A       16%         2
 Blink                    Tloc           12%        N/A       17%         2
 Slow                     Hex            8%         N/A       19%         1
 Conjure Flame            Conj/Fire      4%         6-21      41%         3
 Mephitic Cloud           Conj/Pois/Air  3%         N/A       43%         3
 Inner Flame              Hex/Fire       2%         N/A       50%         3
 Flame Wave               Conj/Fire      4%         2d5       82%         4
 Malign Gateway           Summ/Tloc      3%         N/A       100%        7
 Summon Horrible Things   Summ           3%         N/A       100%        8


Dungeon Overview and Level Annotations

Branches:
Dungeon (3/15)

Altars:
Jiyva


Innate Abilities, Weirdness & Mutations

You may rarely emit foul miasma when damaged in melee.


Message History

The goblin shouts!
The magic dart hits the goblin.
You kill the goblin!
You can't see any susceptible monsters within range! (Use Z to cast anyway.)
You can't see any susceptible monsters within range! (Use Z to cast anyway.)
You can't see any susceptible monsters within range! (Use Z to cast anyway.)
j - 3 sapphire potions (gained 1) Done exploring.
Done exploring.
There is a stone staircase leading down here.
You climb downwards.
You hear the sound of rushing water.
There is an entrance to a sewer on this level.
Hurry and find it before the portal rusts away!
There is a stone staircase leading up here.
You hear a distant slurping noise.
You hear a distant slurping noise.
r - an emerald potion Jiyva is now protecting you from corrosive effects.
An iguana and a dart slug come into view.
The iguana hisses angrily.
The dart slug launches a dart at you. The slug dart hits you.
You hit the iguana but do no damage. The iguana bites you!
You closely miss the iguana. The iguana closely misses you.
The dart slug bites you but does no damage.
You barely miss the iguana. The iguana bites you!
Ouch! That really hurt!
* * * LOW HITPOINT WARNING * * *
You emit a cloud of foul miasma!
The dart slug barely misses you.
You are too injured to fight recklessly!
You are too injured to fight recklessly!
You are too injured to fight recklessly!
Okay, then.
You hit the dart slug.
The dart slug is lightly wounded.
The iguana is engulfed in dark miasma.
The iguana is poisoned.
The iguana bites you.
* * * LOW HITPOINT WARNING * * *
The dart slug bites you.
You die...

..#.. #.#.#.#.#
..#.. ..#.....#
#.######.#######
#...............
########.######.
#.# #######.##
#...w....#
#...l@...#
#........+
#........#
#........#
#........#
#........#
##########


You could see an iguana (poisoned) and a dart slug.

Vanquished Creatures
  An adder (D:2)
  A worm (D:2)
  A dart slug (D:2)
  4 ball pythons (D:1)
  2 endoplasms
  2 giant cockroaches (D:1)
  6 goblins
  4 hobgoblins
  4 jackals (D:1)
  A quokka (D:1)
  5 bats (D:1)
  A frilled lizard (D:1)
  A kobold (D:2)
  4 rats
37 creatures vanquished.

Notes
Turn   | Place    | Note
-------+----------+-------------------------------------------
     0 | D:1      | javelincjr the Demonspawn Hedge Wizard began the quest for
                  | the Orb.
     0 | D:1      | Reached XP level 1. HP: 13/13 MP: 4/4
    79 | D:1      | Reached skill level 1 in Translocations
   300 | D:1      | Gained mutation: You may rarely emit foul miasma when
                  | damaged in melee. [demonic ancestry]
   300 | D:1      | Reached XP level 2. HP: 20/20 MP: 6/6
   928 | D:1      | Reached XP level 3. HP: 25/25 MP: 3/7
  1509 | D:2      | Found a faded altar of an unknown god.
  1541 | D:2      | Prayed at the altar of an unknown god.
  1541 | D:2      | Became a worshipper of Jiyva Juireli the Shapeless
  1541 | D:2      | Reached * piety under Jiyva
  1785 | D:2      | Reached skill level 1 in Fighting
  2100 | D:3      | Reached ** piety under Jiyva
  2106 | D:3      | HP: 1/26 [iguana (5)]
  2106 | D:3      | Slain by a dart slug

Illustrated notes

Levels and vault maps discovered:
D:1:      saegor_arrival_simple_c, layout_loops_ring, hangedman_decor_lopped
D:2:      layout_basic, shapermc_ecumenical_altar_notcrosses
D:3:      layout_basic, ebering_ghost_rock_garden, gup_sewer_entry_bowl

Skill      XL: |  1  2  3 |
---------------+----------+-----
Translocations | 1 |  1.3
Dodging        | 2 |  2.0
Fighting       | 1 |  1.1
Armour         | |  0.6
Stealth        | |  1.8
Spellcasting   | |  3.4
Conjurations   | |  1.3
Summonings     | |  1.3

Action                   || total
-------------------------++-------
Melee: Dagger            ||    16
       Spear             ||    27
       Trident           ||    19
 Cast: Magic Dart        ||    65
Armor: Robe              ||     9
Dodge: Dodged            ||    41
